 Dungeon Crawl Stone Soup version 0.30-a0-782-ge64f9170bb (webtiles) character file.

Game seed: 3330467141469209764

55092 kae the Transmogrifier (level 14, -9/105 HPs)
             Began as a Demonspawn Transmuter on Mar 14, 2023.
             Was a Believer of Ru.
             Mangled by a sphinx (10 damage)
             ... summoned by Kirke
             ... on level 12 of the Dungeon.
             The game lasted 00:22:13 (19954 turns).

kae the Transmogrifier (Demonspawn Transmuter)     Turns: 19954, Time: 00:22:14

Health: -9/105     AC:  0    Str: 11    XL:     14   Next: 37%
Magic:  26/27      EV: 20    Int: 19    God:    Ru [**....]
Gold:   1218       SH:  0    Dex: 14    Spells: 4/32 levels left

rFire   . . .      SeeInvis .      - Unarmed
rCold   . . .      Faith    .    (shield currently unavailable)
rNeg    . . .      Spirit   .    (body armour currently unavailable)
rPois   .          Reflect  .    (helmet unavailable)
rElec   .          Harm     .    (cloak currently unavailable)
rCorr   .          Rampage  .    (gloves currently unavailable)
Will    +....                    (boots currently unavailable) Stlth
                                 A - amulet of the acrobat
HPRegen 0.37/turn                (ring currently unavailable)
MPRegen 0.20/turn                (ring currently unavailable)

@: pig-form, unable to drink, very quick
A: fast, no casting, small, (horns 3), repulsion field 2, icemail 1, powered by
death 2, no stealth, hated by all, condensation shield, inability to drink after
injury 1
a: Renounce Religion


You were on level 12 of the Dungeon.
You worshipped Ru.
Ru was pleased with you.
You were a filthy swine.
You visited 3 branches of the dungeon, and saw 18 of its levels.
You also visited: Bailey.

You collected 1982 gold pieces.
You spent 764 gold pieces at shops.


Innate Abilities, Weirdness & Mutations

You are a filthy swine.
You move quickly.
Your equipment is almost entirely melded.
You are incapable of wielding weapons or throwing items.
You cannot cast spells.
((You have a pair of large horns on your head.))
You are surrounded by a moderate repulsion field. (EV +3)
A meltable icy envelope protects you from harm. (AC +0)
You regenerate health from kills.
You cannot be stealthy.
You are hated by all.
A meltable shield of frost defends you. (SH +0)
You occasionally lose the ability to drink potions when taking damage.


   Skills:
 - Level 8.0 Fighting
 - Level 7.0 Dodging
 - Level 8.0 Unarmed Combat
 + Level 9.9 Spellcasting
 - Level 12.0 Transmutations
 - Level 5.0 Ice Magic
 + Level 5.1 Air Magic
 - Level 11.1 Earth Magic
 - Level 2.0 Poison Magic


You had 4 spell levels left.
You knew the following spells:

 Your Spells              Type           Power      Damage    Failure   Level
a - Beastly Appendage     Tmut           100%       N/A       1%          1
b - Wereblood             Tmut           53%        N/A       1%          2
c - Spider Form           Tmut/Pois      36%        N/A       1%          3
d - Ice Form              Ice/Tmut       41%        N/A       2%          4
e - Blade Hands           Tmut           26%        N/A       1%          5
f - Statue Form           Tmut/Erth      34%        N/A       10%         6
g - Storm Form            Tmut/Air       21%        N/A       88%         7

Your spell library contained the following spells:

 Spells                   Type           Power      Damage    Failure   Level
 Sandblast                Erth           100%       2d20      1%          1
 Passwall                 Tmut/Erth      43%        N/A       1%          2
 Stone Arrow              Conj/Erth      60%        3d10      2%          3
 Ignite Poison            Fire/Tmut/Pois 27%        N/A       3%          3
 Ozocubu's Armour         Ice            28%        N/A       3%          3
 Ensorcelled Hibernation  Hex/Ice        36%        N/A       4%          2
 Static Discharge         Conj/Air       38%        2-4/arc   4%          2
 Necrotise                Necr           36%        1d5       8%          1
 Vhi's Electric Charge    Tloc/Air       38%        N/A       8%          3
 Leda's Liquefaction      Hex/Erth       15%        N/A       8%          4
 Scorch                   Fire           18%        2d5       12%         2
 Inner Flame              Hex/Fire       9%         N/A       22%         3
 Vampiric Draining        Necr           9%         2d6       22%         3
 Anguish                  Hex/Necr       4%         N/A       58%         4
 Flame Wave               Conj/Fire      9%         2d6       58%         4
 Sticky Flame             Conj/Fire      9%         2d3       58%         4
 Lee's Rapid Deconstruct  Erth           25%        3d14*     2%          5
 Yara's Violent Unravell  Hex/Tmut       16%        3d8       19%         5
 Arcjolt                  Conj/Air       9%         1d19      58%         5
 Lightning Bolt           Conj/Air       9%         1d22      58%         5
 Metabolic Englaciation   Hex/Ice        9%         N/A       58%         5
 Agony                    Necr           9%         N/A       91%         5
 Ignition                 Fire           4%         3d4       100%        8
 Maxwell's Capacitive Co  Air            14%        ∞         100%        8
 Necromutation            Tmut/Necr      16%        N/A       100%        8
 Summon Lightning Spire   Summ/Air       Unusable   N/A       N/A         4
 Simulacrum               Ice/Necr       Unusable   N/A       N/A         6
 Summon Cactus Giant      Summ           Unusable   N/A       N/A         6

Inventory:

Missiles
 d - 158 stones
 k - 29 boomerangs
 r - 38 poisoned darts
 u - a throwing net {=f!f}
 v - 4 javelins
 O - 11 curare-tipped darts {=f}
 X - 6 atropa-tipped darts
 Z - 3 boomerangs of dispersal {=f!f}
Armour
 n - a +0 pair of gloves
   (You found it on level 2 of the Dungeon)
 B - a scarf of repulsion (melded)
   (You found it on level 6 of the Dungeon)
 C - +0 steam dragon scales (melded)
   (You found it on level 6 of the Dungeon)
 K - a +0 hat of willpower
   (You took it off Gastronok on level 1 of the Lair of Beasts)
 Q - the +2 pair of gloves "Yjocron" (melded) {Int+2}
   (You acquired it on level 1 of the Lair of Beasts)

   Int:       It affects your intelligence (+2).
Jewellery
 s - a ring of willpower
   (You found it on level 12 of the Dungeon)
 A - an amulet of the acrobat (around neck)
   (You found it on level 4 of the Dungeon)
 F - a ring of fire
   (You found it on level 2 of the Dungeon)
 I - a +6 ring of intelligence (melded)
   (You found it on level 1 of the Dungeon)
 N - a ring of positive energy
   (You found it on level 3 of the Lair of Beasts)
 P - a ring of poison resistance (melded)
   (You found it on level 3 of the Dungeon)
 R - a ring of resist corrosion
   (You found it on level 1 of the Lair of Beasts)
Wands
 m - a wand of flame (43)
   (You found it on level 2 of the Dungeon)
 y - a wand of mindburst (44)
   (You found it on level 6 of the Dungeon)
 D - a wand of polymorph (10)
   (You found it on level 6 of the Dungeon)
 V - a wand of digging (1)
   (You took it off Nergalle on level 1 of the Lair of Beasts)
 W - a wand of iceblast (19)
   (You took it off a kobold brigand on level 9 of the Dungeon)
Scrolls
 a - a scroll of immolation {!r!r}
 c - 3 scrolls of poison {!r}
 j - 3 scrolls of fog
 l - a scroll of blinking {!r}
 w - 12 scrolls of identify {@r1}
 z - 13 scrolls of teleportation {@r4}
 H - 2 scrolls of fear
 J - 2 scrolls of enchant armour
 L - a scroll of magic mapping {!r}
 M - a scroll of enchant weapon
 T - 3 scrolls of brand weapon
 Y - 2 scrolls of vulnerability {!r!r}
Potions
 b - 6 potions of lignification {!q}
 e - 2 potions of might
 f - a potion of ambrosia
 g - 3 potions of heal wounds {@q2}
 h - 3 potions of attraction {!q}
 i - 4 potions of brilliance
 o - 10 potions of curing {@q1}
 p - 9 potions of haste {@q3}
 q - 4 potions of mutation {!q}
 t - 2 potions of flight
 E - 4 potions of magic
 G - 2 potions of invisibility
Miscellaneous
 x - a piece from Xom's chessboard (15/15)
   (You found it on level 6 of the Dungeon)

Dungeon Overview and Level Annotations

Branches:
Dungeon (12/15) Zot: 26271  Temple (1/1) D:6 Zot: 5870    Lair (5/5) D:11 Zot: 21883
 Shoals (0/4) Lair:3        Snake (0/4) Lair:2        Slime (0/5) Lair:5
    Orc (0/2) D:10         Bailey (visited)

Altars:
Ashenzari
Dithmenos
Gozag
Kikubaaqudgha
Makhleb
Nemelex Xobeh
Okawaru
Ru
Sif Muna
Trog
Uskayaw
Vehumet
Wu Jian
Lugonu

Shops:
D:6 *   D:9 :*   D:10 [*

Portals:
Abyss: Lair:5

Annotations:
D:12 exclusion: obsidian statue, Kirke
Lair:2 exclusion: 3 oklob plants ..#..###.# #.#.## #.# ..... #.#.####.# .... #[....)..# .h. #.######.# hhh

..####...## #h#
..........# #h#
..#...##### ####{##
#....## ##..HhH##
#....# ##.....k.##
...#.# #.........#
..##.# #.........#
.##..# #.........#
###.#######.........#
#...................#
....................#
............>.......#


You could see 2 sphinxes, a lindwurm (summoned) and 6 hogs.


Message History

You take 9 damage, and now have 114/136 hp.
You hit the lindwurm.
You headbutt the lindwurm, but do no damage.
You punch the lindwurm, but do no damage.
The sphinx begins to cast a spell, but is stunned by your conviction!
The lindwurm bites you!
The lindwurm claws you but does no damage. x2
Something hits you but does no damage. The sphinx completely misses you.
The sphinx barely misses you. x2
The lindwurm breathes flames at you. The blast of flame hits you!!
Your icy defences dissipate!
You are too injured to fight recklessly! 😮 HP[-35] MP[+1]
You take 35 damage, and now have 79/136 hp.
MASSIVE DAMAGE!! (PAUSE)
You barely miss the lindwurm. You headbutt the lindwurm.
You kill the lindwurm!
The lindwurm's corpse disappears in a puff of smoke!
Something hits you but does no damage. The sphinx closely misses you.
The sphinx hits you but does no damage. x2
Something hits you but does no damage.
Unknown command.
You hit the sphinx. The sphinx hits you but does no damage.
The sphinx closely misses you. The sphinx completely misses you.
You hear some strange, mumbled words.
Something summons a lindwurm!
The sphinx closely misses you.
The sphinx hits you but does no damage. x2 😮 HP[+1] Unknown command.
You closely miss something. Your headbutt misses something.
Something hits you but does no damage. The sphinx completely misses you. x2
The sphinx hits you but does no damage. The lindwurm barely misses you. x2
The lindwurm misses you.
You redirect something's attack! 😮 HP[+1] MP[+1] Unknown command.
You pummel something!! The sphinx hits you! The sphinx hits you.
* * * LOW HITPOINT WARNING * * *
The sphinx misses you. The lindwurm closely misses you. x2
The lindwurm misses you.
Something hits you but does no damage. 😨 HP[-14]
You take 14 damage, and now have 67/136 hp.
Unknown command.
You punch something! You headbutt something!
The sphinx hits you but does no damage. x3
The lindwurm breathes flames at you. The blast of flame hits you!!
* * * LOW HITPOINT WARNING * * *
You hear some strange, mumbled words.
Something summons a sphinx!
The sphinx mumbles some strange words.
You struggle to resist. 😨 HP[-21]
You take 21 damage, and now have 46/136 hp.
Unknown command.
You punch something! Your headbutt misses something.
You redirect the lindwurm's attack!
The lindwurm bites itself!
The lindwurm claws itself but does no damage.
The lindwurm claws itself.
The sphinx misses you. x2
The sphinx completely misses you. Something hits you!
* * * LOW HITPOINT WARNING * * *
The sphinx hits you but does no damage. The sphinx hits you.
* * * LOW HITPOINT WARNING * * *
The sphinx hits you but does no damage. The lindwurm misses you.
The lindwurm barely misses you.
The lindwurm closely misses you. 😱 HP[-17]
You take 17 damage, and now have 29/136 hp.
You barely miss something. The sphinx hits you but does no damage.
The sphinx completely misses you. The sphinx closely misses you.
Something hits you but does no damage. The sphinx hits you but does no damage.
The sphinx closely misses you. x2; The lindwurm barely misses you.
The lindwurm closely misses you. The lindwurm completely misses you.
The sphinx hits you but does no damage. The sphinx barely misses you.
The sphinx hits you but does no damage.
You hear some strange, mumbled words.
You revert to your normal fleshy form.
The +2 pair of gloves "Yjocron" {Int+2} unmelds from your body.
Your +0 steam dragon scales unmelds from your body.
You turn into a filthy swine.
Your scarf of repulsion melds into your body.
The +2 pair of gloves "Yjocron" {Int+2} melds into your body.
Your +0 steam dragon scales melds into your body.
Your +6 ring of intelligence melds into your body.
Your ring of poison resistance melds into your body.
The haze of the repulsion field disappears.
You feel stupid.
Unknown command. 😱 HP[-6] MP[+1]
You now have 105 max hp (-31).
You closely miss something.
The sphinx casts a spell.
You struggle to resist.
The lindwurm bites you!!
You feel threatened and lose the ability to drink potions!
* * * LOW HITPOINT WARNING * * *
The lindwurm barely misses you. The lindwurm claws you.
* * * LOW HITPOINT WARNING * * *
The sphinx hits you!
You die...

Skill      XL: |  1  2  3  4  5  6  7  8  9 10 11 12 13 14 |
---------------+-------------------------------------------+-----
Transmutations | 2 3 4 5 6 8 10 12 | 12.0
Unarmed Combat | 3 4 5 6 8 |  8.0
Poison Magic   | 1 2 |  2.0
Spellcasting   | 3 4 5 6 7 8 9 |  9.9
Ice Magic      | 1 3 5 |  5.0
Fighting       | 4 8 |  8.0
Earth Magic    | 7 10 11 | 11.1
Dodging        | 7 |  7.0
Air Magic      | 2 5 |  5.1

Action                     |  1- 3 |  4- 6 |  7- 9 | 10-12 | 13-15 || total
---------------------------+-------+-------+-------+-------+-------++-------
  Melee: Unarmed           |   122 |   177 |   260 |   722 |   566 ||  1847
         Kick              |    21 |    13 |       |       |       ||    34
         Headbutt          |    14 |     7 |       |   125 |   168 ||   314
         Punch             |     2 |       |     1 |    23 |    48 ||    74
   Cast: Beastly Appendage |    30 |    17 |       |     1 |       ||    48
         Spider Form       |       |     7 |    12 |     2 |       ||    21
         Wereblood         |       |     3 |     5 |    19 |     6 ||    33
         Ice Form          |       |       |    22 |    24 |       ||    46
         Blade Hands       |       |       |       |    27 |       ||    27
         Statue Form       |       |       |       |    11 |    44 ||    55
 Invoke: Sacrifice Stealth |       |       |       |     1 |       ||     1
         Reject Sacrifices |       |       |       |     1 |     1 ||     2
         Sacrifice Love    |       |       |       |     1 |       ||     1
Ability: End Transformatio |       |       |     2 |     3 |     1 ||     6
    Use: Potion            |     1 |       |     2 |     1 |       ||     4
         Scroll            |     8 |     8 |     6 |     8 |       ||    30
   Stab: Sleeping          |     3 |     1 |       |       |       ||     4
         Distracted        |       |       |       |       |     3 ||     3
 Armour: Robe              |    34 |    27 |       |       |       ||    61
         Skin              |       |     8 |    61 |   208 |   437 ||   714
         Steam dragon scal |       |       |       |   127 |    42 ||   169
  Dodge: Dodged            |    59 |   132 |   130 |   671 |   950 ||  1942
         Repelled          |       |       |       |     2 |     2 ||     4
  Block: Other             |    21 |    29 |    37 |   152 |   182 ||   421

Levels and vault maps discovered:
D:1:      ebering_trefoil_twist, layout_basic
D:2:      layout_loops_ring, bh_walls_and_bars
D:3:      layout_loops_corners
D:4:      layout_loops_ring
D:5:      layout_layer_cave, st_stairs_8, serial_park_tiny_2,
          uniq_prince_ribbit1, uniq_edmund
D:6:      layout_basic, minmay_temple_entry_arrows, serial_aquarium,
          aquarium_bridge_square [aquarium_subvault_bridge,
          aquarium_subvault_bridge, aquarium_subvault_bridge,
          aquarium_subvault_wall], aquarium_bridge_square
          [aquarium_subvault_bridge, aquarium_subvault_bridge,
          aquarium_subvault_window, aquarium_subvault_wall],
          aquarium_window_corridor_3, aquarium_window_corner,
          aquarium_window_fake, aquarium_view_2d, aquarium_view_2c,
          aquarium_balcony_3a, kennysheep_cross_bottleneck, minmay_shop_mayhem,
          hellmonk_bongcloud_opening
D:7:      layout_loops_cross
D:8:      layout_loops_ring, enter_bailey_3, nicolae_eternal_life,
          dk_noncrumbling_3, kennysheep_generic_room_13, uniq_pikel, uniq_erica,
          uniq_maurice, uniq_psyche
D:9:      old_forge, layout_basic, serial_shops, nicolae_shop_behind_doors,
          nicolae_shop_window_shopping
D:10:     layout_gridville, mainiacjoe_overflow_cross_hatched,
          hiddenorc2_lemuel, serial_shops, shop, grunt_decor_resistance,
          nicolae_island_escapes
D:11:     layout_irregular_city, david_lair_generic
D:12:     layout_rooms, hangedman_devilish_allure, uniq_kirke
Temple:   compressed_dpeg_circular_temple
Lair:1:   layout_cave_pods, gauntlet_entry_generic, serial_bayou_shore_b,
          uniq_maggie, uniq_gastronok, uniq_nergalle
Lair:2:   dreamdust_cave_troll, layout_layer_cave, nicolae_snake_entry_squirm,
          disabler_island, serial_bayou_shore_b, grunt_megastairs_5
Lair:3:   layout_roguey, nicolae_shoals_entry_roost
Lair:4:   layout_misc_corridors, st_stairs_8, uniq_snorg
Lair:5:   hellmonk_lair_end_abyssal_woods, layout_layer_cave,
          minmay_slime_entry_pillars, lemuel_fruit_tree

Notes
Turn   | Place    | Note
-------+----------+-------------------------------------------
     0 | D:1      | kae the Demonspawn Transmuter began the quest for the Orb.
     0 | D:1      | Reached XP level 1. HP: 15/15 MP: 3/3
     0 | D:1      | magus.rc [v1.11.3]
   234 | D:1      | Reached skill level 2 in Transmutations
   448 | D:1      | Gained mutation: A meltable shield of frost defends you.
                  | (SH +0) [demonic ancestry]
   448 | D:1      | Reached XP level 2. HP: 21/21 MP: 3/5
   506 | D:1      | Learned a level 2 spell: Wereblood
   734 | D:2      | HP: 5/21 [poisoned by an adder]
   736 | D:2      | HP: 2/21 [quokka (1)]
   744 | D:2      | Reached skill level 3 in Unarmed Combat
   809 | D:2      | Gained mutation: A meltable icy envelope protects you from
                  | harm. (AC +0) [demonic ancestry]
   809 | D:2      | Reached XP level 3. HP: 26/26 MP: 4/6
   813 | D:2      | Learned a level 3 spell: Spider Form
   956 | D:2      | Identified the +1 scale mail of Xaedwod {Will- Str+5
                  | Slay+2}
  1567 | D:2      | Reached skill level 1 in Poison Magic
  1733 | D:3      | Gained mutation: You are surrounded by a mild repulsion
                  | field. (EV +2) [demonic ancestry]
  1733 | D:3      | Reached XP level 4. HP: 32/32 MP: 7/7
  1756 | D:3      | You pick up a book of Dreams and begin reading...
  1756 | D:3      | You add the spells Ensorcelled Hibernation and Anguish to
                  | your library.
  1787 | D:3      | Reached skill level 3 in Transmutations
  2596 | D:3      | Identified a scroll of acquirement
  2596 | D:3      | Acquired 589 gold pieces
  2824 | D:4      | HP: 3/32 [iguana (9)]
  2826 | D:4      | Reached XP level 5. HP: 4/37 MP: 6/9
  3005 | D:4      | Reached skill level 2 in Poison Magic
  3014 | D:4      | Reached skill level 3 in Spellcasting
  3105 | D:4      | You pick up a book of Changes and begin reading...
  3503 | D:5      | Entered Level 5 of the Dungeon
  3554 | D:5      | Reached skill level 4 in Transmutations
  3554 | D:5      | Gained mutation: You are surrounded by a moderate repulsion
                  | field. (EV +3) [demonic ancestry]
  3554 | D:5      | Reached XP level 6. HP: 30/43 MP: 6/10
  3631 | D:5      | Learned a level 4 spell: Ice Form
  3665 | D:5      | Reached skill level 1 in Ice Magic
  3731 | D:5      | You pick up a book of Geomancy and begin reading...
  3731 | D:5      | You add the spells Sandblast, Passwall and Stone Arrow to
                  | your library.
  3902 | D:5      | Reached skill level 4 in Unarmed Combat
  3902 | D:5      | Reached XP level 7. HP: 45/48 MP: 10/12
  4060 | D:5      | Reached skill level 2 in Ice Magic
  4236 | D:5      | Noticed Edmund
  4249 | D:5      | Killed Edmund
  4250 | D:5      | Reached skill level 5 in Transmutations
  4380 | D:5      | Noticed Prince Ribbit
  4397 | D:5      | Killed Prince Ribbit
  4398 | D:5      | Reached skill level 4 in Spellcasting
  4398 | D:5      | Reached skill level 3 in Ice Magic
  4869 | D:6      | You pick up a book of Necromancy and begin reading...
  4869 | D:6      | You add the spells Necrotise, Vampiric Draining and Agony
                  | to your library.
  4893 | D:6      | Gained mutation: You have a pair of small horns on your
                  | head. [demonic ancestry]
  4893 | D:6      | Reached XP level 8. HP: 52/54 MP: 12/14
  4976 | D:6      | Found Waacrum's Mayhem Merchandise.
  5104 | D:6      | Reached skill level 6 in Transmutations
  5104 | D:6      | Reached skill level 4 in Ice Magic
  5514 | D:6      | Reached skill level 5 in Unarmed Combat
  5833 | D:6      | Found a staircase to the Ecumenical Temple.
  5899 | D:6      | HP: 4/64 [steam dragon/ball of steam (33)]
  6054 | D:6      | Reached skill level 5 in Spellcasting
  6054 | D:6      | Reached skill level 5 in Ice Magic
  6054 | D:6      | Gained mutation: You regenerate a little health from kills.
                  | [demonic ancestry]
  6054 | D:6      | Reached XP level 9. HP: 59/59 MP: 12/16
  6063 | Temple   | Entered the Ecumenical Temple
  6180 | Temple   | Became a worshipper of Ru the Awakened
  6389 | D:7      | Reached skill level 7 in Transmutations
  6454 | D:7      | Noticed a two-headed ogre
  6582 | D:7      | Killed a two-headed ogre
  6736 | D:7      | Reached skill level 6 in Unarmed Combat
  6782 | D:7      | Reached skill level 8 in Transmutations
  7159 | D:7      | Reached skill level 6 in Spellcasting
  7480 | D:8      | Gained mutation: You have a pair of horns on your head.
                  | [demonic ancestry]
  7480 | D:8      | Reached XP level 10. HP: 65/65 MP: 15/19
  7505 | D:8      | Gained mutation: You cannot be stealthy. [Ru sacrifice]
  7611 | D:8      | Noticed Psyche
  7620 | D:8      | Killed Psyche
  7662 | D:8      | You pick up a book of Flames and begin reading...
  7662 | D:8      | You add the spells Inner Flame, Sticky Flame and Flame Wave
                  | to your library.
  7674 | D:8      | Noticed Maurice
  7676 | D:8      | Found a flagged portal.
  7707 | D:8      | Reached skill level 9 in Transmutations
  7719 | D:8      | Killed Maurice
  7729 | Bailey   | Entered a bailey
  7922 | Bailey   | Reached skill level 7 in Unarmed Combat
  8122 | Bailey   | Reached skill level 7 in Spellcasting
  8207 | Bailey   | Reached skill level 10 in Transmutations
  8255 | Bailey   | Noticed a two-headed ogre
  8269 | Bailey   | Killed a two-headed ogre
  8270 | Bailey   | Reached skill level 8 in Unarmed Combat
  8270 | Bailey   | Reached skill level 2 in Fighting
  8857 | D:8      | Reached skill level 3 in Fighting
  8939 | D:8      | Noticed Pikel
  8954 | D:8      | Killed Pikel
  8955 | D:8      | Reached skill level 4 in Fighting
  8955 | D:8      | Gained mutation: You regenerate health from kills. [demonic
                  | ancestry]
  8955 | D:8      | Reached XP level 11. HP: 78/78 MP: 15/21
  8959 | D:8      | Noticed Erica
  8968 | D:8      | Killed Erica
  8969 | D:8      | Reached skill level 5 in Fighting
  9070 | D:9      | Found Eqaugin's Book Shoppe.
  9167 | D:9      | Reached skill level 6 in Fighting
  9337 | D:9      | You add the spells Ignite Poison and Ignition to your
                  | library.
  9378 | D:9      | Bought the Grimoire of Tropical Reconstruction for 624 gold
                  | pieces
  9378 | D:9      | You add the spells Scorch, Yara's Violent Unravelling,
                  | Blade Hands and Necromutation to your library.
  9384 | D:9      | Learned a level 5 spell: Blade Hands
  9545 | D:9      | You pick up a book of the Earth and begin reading...
  9545 | D:9      | You add the spells Leda's Liquefaction, Lee's Rapid
                  | Deconstruction and Statue Form to your library.
  9780 | D:9      | Found Leqiabba's Assorted Antiques.
  9783 | D:9      | Bought a scroll of identify for 56 gold pieces
  9783 | D:9      | Bought a scroll of teleportation for 84 gold pieces
  9861 | D:9      | Found the +11 Singing Sword {sonic wave}
  9986 | D:10     | Entered Level 10 of the Dungeon
 10028 | D:10     | Found a bloodstained altar of Trog.
 10102 | D:10     | Paralysed by a hornet for 1 turns
 10105 | D:10     | HP: 18/83 [gnoll sergeant/+4 heavy spear (15)]
 10253 | D:9      | Reached skill level 7 in Fighting
 10600 | D:10     | Found Kupn's Island Escapes.
 10749 | D:10     | Found Myusin's Armour Boutique.
 10857 | D:10     | Found a staircase to the Orcish Mines.
 11028 | D:11     | Learned a level 6 spell: Statue Form
 11059 | D:11     | Reached skill level 8 in Fighting
 11068 | D:11     | Reached skill level 1 in Earth Magic
 11075 | D:11     | Reached skill level 2 in Earth Magic
 11085 | D:11     | Reached skill level 3 in Earth Magic
 11120 | D:11     | Found a staircase to the Lair.
 11279 | D:11     | You pick up a book of Winter and begin reading...
 11279 | D:11     | You add the spells Ozocubu's Armour, Metabolic Englaciation
                  | and Simulacrum to your library.
 11369 | D:11     | Reached skill level 4 in Earth Magic
 12065 | Lair:1   | Entered Level 1 of the Lair of Beasts
 12066 | Lair:1   | Acquired the +2 pair of gloves "Yjocron" {Int+2}
 12072 | Lair:1   | Reached skill level 5 in Earth Magic
 12230 | Lair:1   | Reached skill level 6 in Earth Magic
 12282 | Lair:1   | Noticed Nergalle
 12293 | Lair:1   | Killed Nergalle
 12346 | Lair:1   | Reached skill level 7 in Earth Magic
 12346 | Lair:1   | Reached XP level 12. HP: 76/92 MP: 18/22
 12606 | Lair:1   | Noticed Maggie
 12614 | Lair:1   | Killed Maggie
 12898 | Lair:1   | Noticed a death yak
 12898 | Lair:1   | Noticed a death yak
 12919 | Lair:1   | Reached skill level 8 in Earth Magic
 13083 | Lair:1   | Noticed a death yak
 13083 | Lair:1   | Noticed a death yak
 13124 | Lair:1   | Noticed a death yak
 13125 | Lair:1   | HP: 23/92 [death yak (23)]
 13126 | Lair:1   | Killed a death yak
 13127 | Lair:1   | HP: 7/92 [death yak (21)]
 13375 | Lair:1   | Killed a death yak
 13381 | Lair:1   | Killed a death yak
 13382 | Lair:1   | Reached skill level 9 in Earth Magic
 13388 | Lair:1   | Killed a death yak
 13511 | Lair:1   | Noticed Gastronok
 13606 | Lair:1   | Killed Gastronok
 13607 | Lair:1   | Reached skill level 10 in Earth Magic
 13607 | Lair:1   | Reached skill level 2 in Dodging
 14094 | Lair:2   | Reached skill level 3 in Dodging
 14316 | Lair:2   | Reached skill level 4 in Dodging
 14324 | Lair:2   | Noticed an eight-headed hydra
 14337 | Lair:2   | Killed an eight-headed hydra
 14340 | Lair:2   | HP: 20/92 [cane toad (10)]
 14346 | Lair:2   | HP: 29/119 [wolf (2)]
 14348 | Lair:2   | HP: 8/119 [cane toad (9)]
 14356 | Lair:2   | Reached skill level 5 in Dodging
 14365 | Lair:2   | Gained mutation: You are hated by all. [Ru sacrifice]
 14365 | Lair:2   | Reached * piety under Ru
 14365 | Lair:2   | Reached ** piety under Ru
 14567 | Lair:2   | Reached skill level 6 in Dodging
 14652 | Lair:2   | You pick up a book of the Sky and begin reading...
 14652 | Lair:2   | You add the spells Storm Form and Maxwell's Capacitive
                  | Coupling to your library.
 14674 | Lair:2   | Reached skill level 7 in Dodging
 14674 | Lair:2   | Reached XP level 13. HP: 98/98 MP: 19/23
 14694 | Lair:2   | You fall into a shaft and drop 1 floor!
 15197 | Lair:3   | Found a staircase to the Shoals.
 15199 | Lair:3   | You pick up a book of Scorching and begin reading...
 15371 | Lair:3   | You pick up a book of Lightning and begin reading...
 15371 | Lair:3   | You add the spells Static Discharge, Vhi's Electric Charge,
                  | Lightning Bolt and Arcjolt to your library.
 15555 | Lair:2   | Paralysed by a floating eye for 3 turns
 16035 | Lair:2   | Found a staircase to the Snake Pit.
 16037 | Lair:2   | Reached skill level 11 in Earth Magic
 16045 | Lair:2   | Reached skill level 11 in Transmutations
 16535 | Lair:4   | Noticed Snorg
 16548 | Lair:4   | Killed Snorg
 16834 | Lair:4   | Reached skill level 8 in Spellcasting
 17356 | Lair:5   | Entered Level 5 of the Lair of Beasts
 17365 | Lair:5   | Learned a level 7 spell: Storm Form
 17484 | Lair:5   | Reached skill level 1 in Air Magic
 17487 | Lair:5   | Reached skill level 12 in Transmutations
 17552 | Lair:5   | Found a staircase to the Slime Pits.
 17773 | Lair:5   | Reached skill level 2 in Air Magic
 18033 | Lair:5   | Gained mutation: You have a pair of large horns on your
                  | head. [demonic ancestry]
 18033 | Lair:5   | Reached XP level 14. HP: 105/105 MP: 21/26
 18281 | Lair:5   | Reached skill level 9 in Spellcasting
 18285 | Lair:5   | Reached skill level 3 in Air Magic
 18571 | Lair:5   | You pick up a book of the Earth and begin reading...
 18612 | Lair:5   | Identified the +6 broad axe of Wollen {venom, *Corrode
                  | Dex+5}
 18629 | Lair:5   | Reached skill level 4 in Air Magic
 18705 | Lair:5   | Found a corrupted altar of Lugonu.
 18705 | Lair:5   | Found a one-way gate to the infinite horrors of the Abyss.
 19186 | Lair:1   | Gained mutation: You occasionally lose the ability to drink
                  | potions when taking damage. [mutagenic glow]
 19728 | D:12     | Reached skill level 5 in Air Magic
 19933 | D:12     | Noticed Kirke
 19942 | D:12     | Noticed a sphinx
 19952 | D:12     | Noticed a sphinx
 19952 | D:12     | HP: 29/136 [sphinx[Kirke] (6)]
 19954 | D:12     | HP: 4/105 [lindwurm[Kirke] (19)]
 19954 | D:12     | HP: 1/105 [lindwurm[Kirke] (3)]
 19954 | D:12     | Mangled by a sphinx

Vanquished Creatures
  Gastronok (Lair:1)
  Snorg (Lair:4)
  3 hydras
  Erica (D:8)
  5 death yaks (Lair:1)
  A boulder beetle (D:12)
  2 two-headed ogres
  A thrashing horror (Lair:5)
  Nergalle (Lair:1)
  2 skysharks
  Pikel (D:8)
  3 harpies (Lair:3)
  2 cyclopes
  13 elephants
  Maurice (D:8)
  Maggie (Lair:1)
  5 black mambas
  2 torpor snails
  Psyche (D:8)
  9 cane toads
  2 unseen horrors (D:12)
  2 rime drakes
  2 ancient zymes (Lair:5)
  8 komodo dragons
  A polar bear (Lair:5)
  2 hornets
  5 trolls
  Prince Ribbit (D:5)
  27 blink frogs
  5 dream sheep (Lair:3)
  3 large abominations (Lair:5)
  3 slime creatures (Lair:5)
  8 spriggans
  A culicivora (shapeshifter) (Lair:5)
  A wraith (D:12)
  6 wyverns
  A hog (D:12)
  34 yaks
  3 ynoxinuls (Lair:5)
  3 basilisks
  2 chaos spawn (Lair:5)
  4 vampire mosquitoes (D:12)
  3 steam dragons
  Edmund (D:5)
  2 nagas (Lair:2)
  An acid dragon (Bailey)
  12 water moccasins
  4 ice beasts
  3 black bears
  A floating eye (Lair:2)
  4 orc warriors
  A sky beast (D:7)
  10 wolves (Lair:2)
  A phantom (D:5)
  5 centaurs
  6 ogres
  3 kobold brigands
  14 bullfrogs
  2 necrophages
  4 gnoll sergeants
  5 scorpions
  6 wights
  8 killer bees
  An electric eel (D:6)
  2 howler monkeys (D:11)
  8 small abominations (Lair:5)
  4 hounds
  A gnoll bouda (D:7)
  2 jellies
  8 orc priests
  2 iguanas
  11 orc wizards
  11 hell rats
  16 gnolls
  14 adders
  2 white imps
  An ufetubus (D:5)
  A worm (D:5)
  A dart slug (D:2)
  70 orcs
  4 endoplasms
  4 giant cockroaches
  9 goblins
  3 hobgoblins
  4 jackals (D:2)
  20 kobolds
  3 quokkas (D:2)
  9 ball pythons
  11 bats
  2 frilled lizards
  14 rats
514 creatures vanquished.

Vanquished Creatures (collateral kills)
  A water moccasin (D:6)
1 creature vanquished.

Vanquished Creatures (others)
  A hydra (Lair:5)
  A thrashing horror (Lair:5)
  A naga (Lair:2)
  An orc wizard (D:11)
  41 fungi
  29 plants
74 creatures vanquished.

Grand Total: 589 creatures vanquished

Table legend:
 A = Non-vault XP
 B = Vault XP
 C = Vault XP percentage of total XP
 D = Non-vault monster count
 E = Vault monster count
 F = Vault count percentage of total count
                 A         B        C        D         E       F
            +---------+---------+-------+---------+---------+-------
      Total |   54151 |   24553 |  31.2 |     387 |     132 |  25.4
            +---------+---------+-------+---------+---------+-------
        D:1 |      20 |       0 |   0.0 |      16 |       0 |   0.0
        D:2 |      66 |       0 |   0.0 |      25 |       0 |   0.0
        D:3 |      61 |       0 |   0.0 |      17 |       0 |   0.0
        D:4 |     146 |       0 |   0.0 |      14 |       0 |   0.0
        D:5 |     459 |     578 |  55.7 |      18 |       5 |  21.7
        D:6 |    1527 |       0 |   0.0 |      17 |       0 |   0.0
        D:7 |    1974 |       0 |   0.0 |      26 |       0 |   0.0
        D:8 |    1525 |    2571 |  62.8 |      35 |       9 |  20.5
        D:9 |    1038 |     312 |  23.1 |      19 |      13 |  40.6
       D:10 |    1613 |     363 |  18.4 |      24 |      32 |  57.1
       D:11 |    2694 |     666 |  19.8 |      22 |       4 |  15.4
       D:12 |    4091 |     212 |   4.9 |      14 |       2 |  12.5
     Lair:1 |    9679 |    2703 |  21.8 |      34 |       3 |   8.1
     Lair:2 |    9119 |    2587 |  22.1 |      42 |       9 |  17.6
     Lair:3 |    6163 |    1814 |  22.7 |      25 |       3 |  10.7
     Lair:4 |    8262 |    1150 |  12.2 |      22 |       2 |   8.3
     Lair:5 |    5714 |    8614 |  60.1 |      17 |      37 |  68.5
     Bailey |       0 |    2983 | 100.0 |       0 |      13 | 100.0
            +---------+---------+-------+---------+---------+-------

Illustrated notes

Table legend:
 A = Kills in this place as a percentage of kills in entire the game.
 B = Kills by you in this place as a percentage of kills by you in the entire game.
 C = Kills by friends in this place as a percentage of kills by friends in the entire game.
 D = Other kills in this place as a percentage of other kills in the entire game.
 E = Experience gained in this place as a percentage of experience gained in the entire game.
 F = Experience gained in this place divided by the number of levels of this place that you have seen.
                   A       B       C       D       E      F
               +-------+-------+-------+-------+-------+----------------------
         Total | 100.0 | 100.0 | 100.0 | 100.0 | 100.0 | 4142.3
       Dungeon |  60.1 |  60.3 | 100.0 |  25.0 |  25.3 | 1659.7
          Lair |  37.4 |  37.2 |   0.0 |  75.0 |  70.9 | 11161.0
        Bailey |   2.5 |   2.5 |   0.0 |   0.0 |   3.8 | 2983.0
               +-------+-------+-------+-------+-------+----------------------

Table legend: (Time is in decaauts)
 A = Elapsed time spent in this place.
 B = Non-inter-level travel time spent in this place.
 C = Inter-level travel time spent in this place.
 D = Time resting spent in this place.
 E = Time spent auto-exploring this place.
 F = Levels seen in this place.
 G = Mean time per level.
                   A        B        C        D        E       F      G
               +--------+--------+--------+--------+--------+-----+--------+
         Total |  21076 |  20267 |    809 |    777 |  15358 |  19 | 1109.3 |
       Dungeon |  12116 |  11686 |    430 |    645 |   8788 |  12 | 1009.7 |
        Temple |    129 |     86 |     43 |      0 |     70 |   1 |  129.0 |
          Lair |   8116 |   7781 |    335 |     92 |   6066 |   5 | 1623.2 |
        Bailey |    713 |    713 |      0 |     40 |    433 |   1 |  713.0 |
               +--------+--------+--------+--------+--------+-----+--------+

Top non-repeatable levels by time:
  Lair:1: 2067 daAuts
  Lair:5: 2015 daAuts
  Lair:2: 1996 daAuts
     D:6: 1414 daAuts
     D:5: 1348 daAuts
    D:11: 1300 daAuts
     D:9: 1215 daAuts
  Lair:4: 1070 daAuts
     D:8: 997 daAuts
  Lair:3: 967 daAuts
     D:2: 952 daAuts
     D:3: 929 daAuts
     D:7: 904 daAuts
     D:4: 883 daAuts
    D:12: 727 daAuts
